 Dungeon Crawl Stone Soup version 0.27.1-34-g3ba077fa99 (webtiles) character file.

Game seed: 14500349650974401825

154 Fek the Slasher (level 5, -1/42 HPs)
             Began as a Demonspawn Berserker on Feb 6, 2022.
             Was a Believer of Trog.
             Slain by an orc priest (4 damage)
             ... on level 3 of the Dungeon.
             The game lasted 00:04:23 (2873 turns).

Fek the Slasher (Demonspawn Berserker)              Turns: 2873, Time: 00:04:23

Health: -1/42      AC:  9    Str: 24    XL:     5   Next: 13%
Magic:  5/5        EV:  9    Int:  8    God:    Trog [**....]
Gold:   53         SH:  4    Dex: 13    Spells: 4/4 levels left

rFire    . . .     SeeInvis .   a - +0 falchion
rCold    . . .     Faith    .   (no shield)
rNeg     . . .     Spirit   .   k - +0 chain mail
rPois    .         Reflect  .   (no helmet)
rElec    .         Harm     .   (no cloak)
rCorr    .         Rampage  .   (no gloves)
Will     ++...                  (no boots)
Stlth    ..........             (no amulet)
HPRegen  1.14/turn              i - +6 ring of strength
MPRegen  0.09/turn              (no ring)

@: strong-willed (expiring), regenerating (expiring)
A: rugged brown scales 1, spiny 1, condensation shield
a: Renounce Religion, Berserk, Trog's Hand


You were on level 3 of the Dungeon.
You worshipped Trog.
Trog was pleased with you.
You visited 1 branch of the dungeon, and saw 3 of its levels.

You collected 53 gold pieces.

Inventory:

Hand Weapons
 a - a +0 falchion (weapon)
Armour
 b - a +0 animal skin
 k - a +0 chain mail (worn)
Jewellery
 i - a +6 ring of strength (left hand)
Scrolls
 f - a scroll of noise {unknown}
 g - a scroll of identify {unknown}
 h - a scroll of brand weapon {unknown}
 j - a scroll of teleportation {unknown}
 l - a scroll of fog {unknown}
Potions
 c - 3 potions of curing {unknown}
 d - 3 potions of lignification {unknown}
 e - a potion of invisibility {unknown}


   Skills:
 + Level 3.5 Fighting
 + Level 4.5 Long Blades
 + Level 1.8 Armour
 + Level 2.4 Dodging
 + Level 0.8 Stealth


You had 4 spell levels left.
You didn't know any spells.
Your spell library was empty.

Dungeon Overview and Level Annotations

Branches:
Dungeon (3/15)

Altars:
Zin


Innate Abilities, Weirdness & Mutations

You are partially covered in rugged brown scales. (AC +1, +3% HP)
You are partially covered in sharp spines.
A meltable shield of frost defends you. (SH +4)


Message History

The orc priest is lightly wounded.
The orc priest is struck by your spines.
The orc priest closely misses you.
You closely miss the orc priest.
The orc priest is lightly wounded.
The orc priest hits you but does no damage.
You closely miss the orc priest.
The orc priest is lightly wounded.
The orc priest mumbles some strange prayers to Beogh against you.
Beogh smites you!
* * * LOW HITPOINT WARNING * * *
You barely miss the orc priest.
The orc priest is lightly wounded.
The orc priest hits you with a +0 club.
* * * LOW HITPOINT WARNING * * *
You barely miss the orc priest.
The orc priest is lightly wounded.
You block the orc priest's attack.
You hit the orc priest.
The orc priest is lightly wounded.
You feel the effects of Trog's Hand fading.
The orc priest hits you but does no damage.
You hit the orc priest but do no damage.
The orc priest is lightly wounded.
The orc priest is struck by your spines.
The orc priest hits you but does no damage.
You hit the orc priest.
The orc priest is heavily wounded.
You block the orc priest's attack.
You hit the orc priest.
The orc priest is severely wounded.
The orc priest calls down the wrath of Beogh upon you.
Beogh smites you!
* * * LOW HITPOINT WARNING * * *
The orc priest hits you with a +0 club.
* * * LOW HITPOINT WARNING * * *
You closely miss the orc priest.
The orc priest is severely wounded.
The orc priest hits you with a +0 club.
You die...

#.###.#.##.# #[#
#.#.##.# #+
#.###.#.##.### #.
#.......##.... ##.##
#########.#######.
#.... ..# #.# #.
##...## #.# #.# #.
#.....###.######.# #.
...##..)#wo@........#
#.
......))..##.########
## ...##..#####.# ##.
#.# ## ### ######
#....#### ####.....
#..#.#


You could see an orc priest and a dart slug.

Vanquished Creatures
  A centaur skeleton (D:3)
  Jessica (D:2)
  3 adders
  A white imp (D:3)
  A worm (D:2)
  5 orcs (D:3)
  3 ball pythons
  4 endoplasms
  5 giant cockroaches
  4 goblins
  3 hobgoblins (D:1)
  2 jackals (D:1)
  4 kobolds
  A quokka (D:1)
  5 bats
  6 frilled lizards
  9 rats
58 creatures vanquished.

Notes
Turn   | Place    | Note
-------+----------+-------------------------------------------
     0 | D:1      | Fek the Demonspawn Berserker began the quest for the Orb.
     0 | D:1      | Reached XP level 1. HP: 18/18 MP: 1/1
   141 | D:1      | Reached skill level 3 in Long Blades
   193 | D:1      | Gained mutation: You are partially covered in rugged brown
                  | scales. (AC +1, +3% HP) [demonic ancestry]
   193 | D:1      | Reached XP level 2. HP: 18/24 MP: 2/2
   698 | D:1      | Found a faded altar of an unknown god.
   802 | D:1      | Reached ** piety under Trog
   892 | D:2      | Reached XP level 3. HP: 26/29 MP: 3/3
  1793 | D:2      | Noticed Jessica
  1971 | D:2      | Killed Jessica
  1972 | D:2      | Reached skill level 4 in Long Blades
  1972 | D:2      | Gained mutation: You are partially covered in sharp spines.
                  | [demonic ancestry]
  1972 | D:2      | Reached XP level 4. HP: 36/36 MP: 4/4
  2576 | D:3      | Gained mutation: A meltable shield of frost defends you.
                  | (SH +4) [demonic ancestry]
  2576 | D:3      | Reached XP level 5. HP: 29/42 MP: 5/5
  2872 | D:3      | HP: 2/42 [orc priest (1)]
  2873 | D:3      | Slain by an orc priest

Illustrated notes

Levels and vault maps discovered:
D:1:      ncdulo_smallfort, layout_loops_ring, ebering_ecumenical_altar_hall
D:2:      layout_basic, basic_altar, kennysheep_generic_room_12, uniq_jessica
D:3:      kennysheep_six_static_rooms, layout_loops_corners

Skill      XL: |  1  2  3 |
---------------+----------+-----
Long Blades    | 3 4 |  4.5
Dodging        | 2 |  2.4
Fighting       | |  3.5
Armour         | |  1.8
Stealth        | |  0.8

Action                   |  1- 3 |  4- 6 || total
-------------------------+-------+-------++-------
Melee: Falchion          |   132 |    58 ||   190
Invok: Berserk           |     2 |     1 ||     3
       Trog's Hand       |       |     1 ||     1
 Stab: Sleeping          |     2 |     1 ||     3
Armor: Animal skin       |    36 |     3 ||    39
       Chain mail        |       |    26 ||    26
Dodge: Dodged            |    87 |    25 ||   112
Block: Other             |       |     8 ||     8
       Rpst.: Falchion   |    24 |     5 ||    29
